AoeStats
← ITZ | AutocavS

Arabia

510875454Analyzed
1v1 RM · 18h ago on Oct 2, 2026· 49m 41s· 2 players
Game mode
Random Map
Map size
Tiny (2 player)
Population
200
Speed
Normal
Resources
Standard
Victory
Conquest
Starting age
Dark Age
Ending age
Imperial Age
RankedLock teamsTeams togetherTeam positionsShared explorationLock speedFull tech treeHidden civsTurbo modeCheats
Victory
Defeat
🇦🇷 Magyars · Argentina
1480
+14
🇭🇳 Aztecs · Honduras
1447
-14
Voodoo_tavo
5:47 Loom
8:49 Feudal Age
9:30 Man-at-Arms
10:40 Arson
22:22 Castle Age
20:50 Double-Bit Axe
20:57 Gold Mining
25:22 Sanctity
25:26 Fervor
31:19 Redemption
31:33 Herbal Medicine
41:29 Fletching
47:33 Imperial Age
46:52 Scale Mail Armor
47:03 Forging
49:07 Chain Mail Armor
48:15 Pikeman
ITZ | AutocavS
6:06 Loom
9:37 Feudal Age
10:20 Double-Bit Axe
22:05 Castle Age
20:27 Gold Mining
20:22 Horse Collar
20:50 Scale Barding Armor
21:22 Bloodlines
24:01 Chain Barding Armor
23:54 Husbandry
29:36 Light Cavalry
32:31 Wheelbarrow
32:09 Stone Mining
39:38 Imperial Age
37:50 Hand Cart
41:23 Conscription
47:27 Gold Shaft Mining
46:26 Hussar
48:22 Plate Barding Armor
49:09 Cavalier
Connection lost

Rejoining the realm…

Still unreachable

The connection could not be restored.

Session expired

The server has moved on; the page needs a fresh start.